[Event "FICS rated blitz game"]
[Site "FICS freechess.org"]
[FICSGamesDBGameNo "20002921"]
[White "gwoya"]
[Black "guidog"]
[WhiteElo "1794"]
[BlackElo "1778"]
[WhiteRD "na"]
[BlackRD "na"]
[TimeControl "180+0"]
[Date "1999.10.22"]
[Time "08:52:00"]
[WhiteClock "0:03:00.000"]
[BlackClock "0:03:00.000"]
[ECO "B12"]
[PlyCount "76"]
[Result "0-1"]

1. e4 c6 2. d4 d5 3. e5 Bf5 4. Nc3 e6 5. h4 h6 6. g4 Bg6 7. Bd3 Bxd3 8. Qxd3 c5 9. Be3 Qb6 10. Nge2 Nc6 11. dxc5 Bxc5 12. Bxc5 Qxc5 13. f4 Nge7 14. Nb5 O-O 15. Nd6 Nb4 16. Qc3 Nxc2+ 17. Kd2 Qxc3+ 18. bxc3 Nxa1 19. Rxa1 Rab8 20. h5 Nc8 21. Nb5 a6 22. Nc7 Nb6 23. Rb1 Nc4+ 24. Kd3 Rfc8 25. Nxd5 exd5 26. Kd4 Rd8 27. f5 Kf8 28. Nf4 Ke7 29. Nxd5+ Kd7 30. Kxc4 Rbc8+ 31. Kd4 Kc6 32. Rb6+ Kd7 33. Rxb7+ Kc6 34. Rb6+ Kd7 35. Rb7+ Ke8 36. Re7+ Kf8 37. Ra7 Rc6 38. c4 Rdc8 {White forfeits on time} 0-1

[Event "FICS rated blitz game"]
[Site "FICS freechess.org"]
[FICSGamesDBGameNo "20002920"]
[White "ipa"]
[Black "duaneg"]
[WhiteElo "1163"]
[BlackElo "1397"]
[WhiteRD "na"]
[BlackRD "na"]
[TimeControl "300+1"]
[Date "1999.10.22"]
[Time "07:11:00"]
[WhiteClock "0:05:00.000"]
[BlackClock "0:05:00.000"]
[ECO "D03"]
[PlyCount "124"]
[Result "0-1"]

1. d4 d5 2. Nf3 Nf6 3. Bg5 e6 4. Ne5 Nbd7 5. Bxf6 Nxf6 6. e3 c6 7. Bd3 Bd6 8. O-O Bxe5 9. dxe5 Nd7 10. f4 Qb6 11. Qe2 Nc5 12. f5 Qxb2 13. Nd2 Qxe5 14. Nf3 Qd6 15. fxe6 Bxe6 16. Ng5 Nxd3 17. Nxe6 Qxe6 18. Qxd3 O-O 19. Rab1 b6 20. Rf3 Rad8 21. Rh3 Qe4 22. Qc3 c5 23. Rf1 d4 24. Qe1 dxe3 25. Rxe3 Qxc2 26. Rf2 Qg6 27. Rg3 Qd6 28. Qa1 g6 29. Rf6 Qd1+ 30. Qxd1 Rxd1+ 31. Rf1 Rd2 32. a3 Ra2 33. Re1 Kg7 34. Re7 Rb2 35. Rxa7 Rb1+ 36. Kf2 Rb2+ 37. Kf1 Ra2 38. Rb3 Ra1+ 39. Ke2 Ra2+ 40. Kf3 h5 41. Rxb6 Kh6 42. Rbb7 Kg7 43. g3 c4 44. Rc7 Rc2 45. h3 Rc1 46. Ke4 c3 47. Kd3 Rg1 48. Kxc3 Rxg3+ 49. Kb4 Rxh3 50. Kc5 h4 51. Kd6 Rd3+ 52. Ke7 h3 53. Rc8 Rxc8 54. Ra4 h2 55. Rh4 Rd2 56. a4 Rc1 57. Rf4 h1=Q 58. Rxf7+ Kh6 59. Rh7+ Kxh7 60. Kf6 Rf2+ 61. Kg5 Qg2+ 62. Kh4 Rh1# {White checkmated} 0-1

[Event "FICS rated standard game"]
[Site "FICS freechess.org"]
[FICSGamesDBGameNo "20002919"]
[White "petrk"]
[Black "KingEdward"]
[WhiteElo "1878"]
[BlackElo "1878"]
[WhiteRD "na"]
[BlackRD "na"]
[TimeControl "300+15"]
[Date "1999.10.22"]
[Time "00:19:00"]
[WhiteClock "0:05:00.000"]
[BlackClock "0:05:00.000"]
[ECO "B51"]
[PlyCount "129"]
[Result "1/2-1/2"]

1. e4 c5 2. Nf3 d6 3. Bb5+ Nc6 4. O-O a6 5. Bxc6+ bxc6 6. c4 Bg4 7. d3 Nf6 8. Qa4 Qc8 9. Nbd2 Bxf3 10. Nxf3 Rb8 11. Re1 e5 12. Nd2 Be7 13. f4 Ng4 14. h3 Bh4 15. Re2 Rb4 16. Qc2 Nf6 17. Nf3 Bg3 18. Bd2 Rb8 19. fxe5 dxe5 20. Bc3 Nd7 21. b3 O-O 22. Qb2 f6 23. Nd2 Rd8 24. Nf1 Bf4 25. Ne3 Nb6 26. Qc2 Qd7 27. Rd1 Qf7 28. Ba5 Rd7 29. Bxb6 Rxb6 30. Rf1 Rd8 31. g4 Rd7 32. Ng2 Bh6 33. Ne3 Bxe3+ 34. Rxe3 Rd4 35. Ref3 Qd7 36. Kh2 Rb8 37. Qe2 Rd8 38. Rd1 a5 39. Kg3 Qc7 40. Rd2 Ra8 41. Qf1 a4 42. Rdf2 axb3 43. axb3 h6 44. h4 Qf7 45. Kh3 Qe6 46. Kg3 Qf7 47. Kh2 Rdd8 48. g5 hxg5 49. hxg5 Qh5+ 50. Rh3 Qxg5 51. Rg2 Qf4+ 52. Qxf4 exf4 53. Rf3 Ra3 54. Rxf4 Kf7 55. Rf5 Rxd3 56. Rxc5 Raxb3 57. Rxc6 Rh3+ 58. Kg1 Rb1+ 59. Kf2 Rb2+ 60. Kg1 Rxg2+ 61. Kxg2 Re3 62. Rc7+ Ke6 63. Rxg7 Rxe4 64. Rc7 Kd6 65. Rc8 {Game drawn by mutual agreement} 1/2-1/2

[Event "FICS rated standard game"]
[Site "FICS freechess.org"]
[FICSGamesDBGameNo "20002918"]
[White "Kazuhiko"]
[Black "robbo"]
[WhiteElo "1029"]
[BlackElo "1406"]
[WhiteRD "na"]
[BlackRD "na"]
[TimeControl "1200+7"]
[Date "1999.10.21"]
[Time "23:13:00"]
[WhiteClock "0:20:00.000"]
[BlackClock "0:20:00.000"]
[ECO "A04"]
[PlyCount "102"]
[Result "0-1"]

1. Nf3 b6 2. g3 Bb7 3. Bg2 d6 4. O-O e5 5. d3 h6 6. e4 Nf6 7. Nbd2 a5 8. a3 a4 9. b4 b5 10. Bb2 Be7 11. d4 Bxe4 12. Nxe4 Nxe4 13. dxe5 dxe5 14. Qxd8+ Bxd8 15. Bxe5 O-O 16. Nd4 Nd2 17. Bxa8 Nxf1 18. Rxf1 c6 19. Nxc6 Nxc6 20. Bxc6 Bb6 21. Bd5 Rc8 22. Rc1 Rd8 23. c4 Re8 24. Re1 Bd4 25. c5 Bxe5 26. c6 Kh7 27. c7 f6 28. c8=Q Rxc8 29. f4 Bd4+ 30. Kh1 Rc3 31. Be4+ g6 32. f5 Bf2 33. fxg6+ Kg7 34. Rd1 Rxa3 35. Bd3 Rb3 36. h4 Bxg3 37. Rc1 Rxd3 38. h5 Bf4 39. Re1 Rh3+ 40. Kg2 Rxh5 41. Kf3 Bd2 42. Re4 a3 43. Re2 Bxb4 44. Kg4 Rg5+ 45. Kh4 Rxg6 46. Re4 a2 47. Rxb4 a1=Q 48. Rg4 Qh1+ 49. Kg3 Qg1+ 50. Kf3 Qxg4+ 51. Kf2 Rg5 {White resigns} 0-1

[Event "FICS rated lightning game"]
[Site "FICS freechess.org"]
[FICSGamesDBGameNo "20002917"]
[White "Hellkite"]
[Black "BlueKazoo"]
[WhiteElo "1509"]
[BlackElo "1582"]
[WhiteRD "na"]
[BlackRD "na"]
[TimeControl "60+0"]
[Date "1999.10.21"]
[Time "22:29:00"]
[WhiteClock "0:01:00.000"]
[BlackClock "0:01:00.000"]
[ECO "A04"]
[PlyCount "93"]
[Result "1-0"]

1. Nf3 c5 2. d4 e6 3. dxc5 Bxc5 4. c3 Nf6 5. b4 Bb6 6. e3 d5 7. Nd4 O-O 8. Bd3 e5 9. Nb3 Nc6 10. O-O e4 11. Bc2 Bg4 12. Qe1 d4 13. cxd4 Nxb4 14. Bd1 a5 15. Bb2 Be6 16. N1d2 Nd3 17. Qe2 Qd7 18. Ba3 a4 19. Bxf8 Rxf8 20. Nc5 Bxc5 21. dxc5 Bc4 22. Nxc4 Qb5 23. Na3 Qxc5 24. Bc2 Qg5 25. Bxd3 exd3 26. Qxd3 Ng4 27. Qe4 Qh5 28. Qf4 g5 29. Qg3 f5 30. f4 Nf6 31. Qxg5+ Qg6 32. Qxg6+ hxg6 33. Rab1 Kg7 34. Rxb7+ Kh6 35. Rb6 g5 36. Rf3 gxf4 37. Rh3+ Kg7 38. exf4 Nh7 39. Rg3+ Kh8 40. Rb7 Rg8 41. Rh3 Rg7 42. Rxh7+ Rxh7 43. Rxh7+ Kxh7 44. Kf2 Kg7 45. Ke3 Kf6 46. Kd4 Kg7 47. Kc4 {Black forfeits on time} 1-0

[Event "FICS rated lightning game"]
[Site "FICS freechess.org"]
[FICSGamesDBGameNo "20002916"]
[White "TheElusive"]
[Black "Xolaris"]
[WhiteElo "1563"]
[BlackElo "1697"]
[WhiteRD "na"]
[BlackRD "na"]
[TimeControl "60+0"]
[Date "1999.10.21"]
[Time "22:07:00"]
[WhiteClock "0:01:00.000"]
[BlackClock "0:01:00.000"]
[ECO "C02"]
[PlyCount "69"]
[Result "1-0"]

1. e4 e6 2. d4 d5 3. e5 c5 4. c3 Nc6 5. Nf3 Bd7 6. Be3 Qc7 7. Bd3 Rc8 8. O-O Nge7 9. Qe2 Nf5 10. Nbd2 Nxe3 11. fxe3 Be7 12. Rae1 O-O 13. Qf2 Rfe8 14. Qg3 Bf8 15. Ng5 h6 16. Nh3 Qd8 17. Nf3 Qe7 18. Nh4 cxd4 19. exd4 Nd8 20. Ng6 fxg6 21. Qxg6 Qf6 22. Qh7+ Kf7 23. Rxf6+ Ke7 24. Rxf8 Rxf8 25. Qxg7+ Rf7 26. Qxh6 Be8 27. Ng5 Kd7 28. Nxf7 Bxf7 29. Qf6 Kc6 30. Bg6 a6 31. Bxf7 Nxf7 32. Qxe6+ Nd6 33. Qxd6+ Kb5 34. a4+ Kxa4 35. Qb4# {Black checkmated} 1-0

[Event "FICS rated blitz game"]
[Site "FICS freechess.org"]
[FICSGamesDBGameNo "20002915"]
[White "PanJacek"]
[Black "litmus"]
[WhiteElo "1552"]
[BlackElo "1716"]
[WhiteRD "na"]
[BlackRD "na"]
[TimeControl "120+12"]
[Date "1999.10.21"]
[Time "22:00:00"]
[WhiteClock "0:02:00.000"]
[BlackClock "0:02:00.000"]
[ECO "B07"]
[PlyCount "75"]
[Result "1-0"]

1. e4 d6 2. Bc4 Nf6 3. Nc3 g6 4. f4 Bg7 5. Nf3 O-O 6. e5 dxe5 7. fxe5 Ng4 8. e6 fxe6 9. d4 c5 10. Ng5 Qxd4 11. Qxd4 cxd4 12. Nxe6 Bxe6 13. Bxe6+ Kh8 14. Nd5 Ne3 15. Bxe3 dxe3 16. Nc7 Bxb2 17. Rb1 Bc3+ 18. Ke2 Nc6 19. Nxa8 Rxa8 20. Rxb7 Bd4 21. Bd5 Rf8 22. Rf1 Rxf1 23. Kxf1 Ne5 24. Rxe7 g5 25. Ke2 Ng4 26. h3 Nf6 27. Be4 h5 28. c3 Bc5 29. Re5 Bb6 30. Bf3 g4 31. hxg4 hxg4 32. Bxg4 Nxg4 33. Rh5+ Kg7 34. Rg5+ Kf6 35. Rxg4 Kf5 36. Rh4 Kg5 37. Re4 Kf5 38. Rxe3 {Black resigns} 1-0

[Event "FICS rated standard game"]
[Site "FICS freechess.org"]
[FICSGamesDBGameNo "20002914"]
[White "wanda"]
[Black "squarepeg"]
[WhiteElo "1501"]
[BlackElo "1208"]
[WhiteRD "na"]
[BlackRD "na"]
[TimeControl "420+12"]
[Date "1999.10.21"]
[Time "21:48:00"]
[WhiteClock "0:07:00.000"]
[BlackClock "0:07:00.000"]
[ECO "A21"]
[PlyCount "88"]
[Result "1-0"]

1. c4 e5 2. Nc3 Na6 3. g3 d6 4. Bg2 Nb4 5. Nf3 Bf5 6. d3 Bg4 7. O-O c6 8. Be3 Nf6 9. a3 Na6 10. Qd2 Bxf3 11. Bxf3 Be7 12. b4 O-O 13. b5 cxb5 14. cxb5 Nc5 15. Rab1 Rb8 16. Rfc1 Qa5 17. a4 Rbc8 18. Bxc5 dxc5 19. Bxb7 Rc7 20. Bg2 h6 21. Qb2 Rb8 22. Rc2 Qb4 23. Qa2 Qg4 24. Rbc1 Rd7 25. Ne4 Qe6 26. Qxe6 fxe6 27. Nxc5 Rd4 28. Nxe6 Rxa4 29. Rc8+ Rxc8 30. Rxc8+ Kf7 31. Nc5 Ra1+ 32. Bf1 Rc1 33. Rc7 Nd5 34. Rxa7 Rxc5 35. e4 Nc3 36. b6 Rb5 37. b7 Bd6 38. b8=Q+ Be7 39. Qc7 Rb3 40. Qxe7+ Kg6 41. Qxg7+ Kh5 42. Qxe5+ Kg4 43. Qe6+ Kf3 44. Qxb3 Ne2+ {Black resigns} 1-0

[Event "FICS rated standard game"]
[Site "FICS freechess.org"]
[FICSGamesDBGameNo "20002913"]
[White "chessdog"]
[Black "mjq"]
[WhiteElo "1535"]
[BlackElo "1643"]
[WhiteRD "na"]
[BlackRD "na"]
[TimeControl "900+0"]
[Date "1999.10.21"]
[Time "20:25:00"]
[WhiteClock "0:15:00.000"]
[BlackClock "0:15:00.000"]
[ECO "C28"]
[PlyCount "116"]
[Result "0-1"]

1. e4 e5 2. Nf3 Nf6 3. Nc3 Nc6 4. Bc4 Bb4 5. d3 d5 6. exd5 Nxd5 7. Bxd5 Qxd5 8. Bd2 Bxc3 9. Bxc3 Bg4 10. O-O O-O-O 11. Re1 Bxf3 12. Qxf3 Qxf3 13. gxf3 f6 14. a4 Nd4 15. Bxd4 Rxd4 16. Re4 Rhd8 17. Rae1 a6 18. Rg4 Rxg4+ 19. fxg4 Rd4 20. Re4 Rxe4 21. dxe4 Kd7 22. h4 Ke6 23. b4 g6 24. c4 f5 25. f3 f4 26. g5 Kd6 27. Kf2 c5 28. b5 axb5 29. axb5 Ke6 30. Kg2 Kf7 31. Kh3 Kg7 32. Kg4 b6 33. h5 h6 34. hxg6 Kxg6 35. gxh6 Kxh6 36. Kf5 Kh5 37. Kf6 Kh4 38. Kf5 Kg3 39. Kxe5 Kxf3 40. Kd5 Ke3 41. e5 f3 42. e6 f2 43. e7 f1=Q 44. e8=Q+ Kd3 45. Qe4+ Kc3 46. Qe3+ Kb4 47. Qd2+ Kb3 48. Kc6 Qf6+ 49. Kb7 Kxc4 50. Qe2+ Kb4 51. Qe1+ Kxb5 52. Qb1+ Ka4 53. Qa2+ Kb4 54. Qb1+ Kc4 55. Qa2+ Kd3 56. Qb3+ Ke4 57. Qxb6 Qxb6+ 58. Kxb6 c4 {White resigns} 0-1

[Event "FICS rated blitz game"]
[Site "FICS freechess.org"]
[FICSGamesDBGameNo "20002912"]
[White "Carls"]
[Black "Raramuri"]
[WhiteElo "1377"]
[BlackElo "1209"]
[WhiteRD "na"]
[BlackRD "na"]
[TimeControl "180+12"]
[Date "1999.10.21"]
[Time "20:24:00"]
[WhiteClock "0:03:00.000"]
[BlackClock "0:03:00.000"]
[ECO "B34"]
[PlyCount "79"]
[Result "1-0"]

1. e4 c5 2. Nf3 Nc6 3. d4 cxd4 4. Nxd4 g6 5. Nxc6 bxc6 6. Qd4 Nf6 7. e5 c5 8. Qc3 Ng4 9. e6 f6 10. exd7+ Bxd7 11. h3 Ne5 12. f4 Nf7 13. Bc4 Bg7 14. Bxf7+ Kxf7 15. Qxc5 Re8 16. O-O f5 17. Nc3 Ba4 18. Qc4+ e6 19. Qxa4 Bd4+ 20. Kh1 Re7 21. Bd2 a6 22. Rad1 Qb6 23. Qb3 Qc6 24. Ne2 Bf6 25. Bc3 Rb7 26. Qa3 Be7 27. Nd4 Qd5 28. Qa5 Rd7 29. Qxd5 Rxd5 30. Nc6 Rd6 31. Nxe7 Kxe7 32. Rxd6 Kxd6 33. Rd1+ Ke7 34. Be5 a5 35. b3 Ra7 36. c4 Rb7 37. c5 Rb4 38. c6 Rb5 39. c7 Rc5 40. Bd6+ {Black resigns} 1-0

[Event "FICS rated blitz game"]
[Site "FICS freechess.org"]
[FICSGamesDBGameNo "20002911"]
[White "joplin"]
[Black "trudge"]
[WhiteElo "1290"]
[BlackElo "1293"]
[WhiteRD "na"]
[BlackRD "na"]
[TimeControl "300+0"]
[Date "1999.10.21"]
[Time "19:52:00"]
[WhiteClock "0:05:00.000"]
[BlackClock "0:05:00.000"]
[ECO "C40"]
[PlyCount "61"]
[Result "0-1"]

1. e4 e5 2. Nf3 Bc5 3. c3 d6 4. d4 Bb6 5. dxe5 Qe7 6. Be2 dxe5 7. O-O Nf6 8. Bg5 h6 9. Bxf6 Qxf6 10. Nbd2 O-O 11. Nc4 Nc6 12. Qd2 Be6 13. Ne3 Rad8 14. Nd5 Bxd5 15. exd5 Ne7 16. c4 Nc6 17. b4 Nd4 18. Nxd4 Bxd4 19. Rad1 c6 20. Bf3 Rd6 21. Qc2 c5 22. b5 b6 23. a4 Re8 24. Be4 g6 25. Qd3 Qf4 26. Rde1 f5 27. Bf3 e4 28. Bxe4 fxe4 29. Qh3 g5 30. Re2 Rf8 31. g3 {White forfeits on time} 0-1

[Event "FICS rated lightning game"]
[Site "FICS freechess.org"]
[FICSGamesDBGameNo "20002910"]
[White "Parini"]
[Black "betpe"]
[WhiteElo "1400"]
[BlackElo "1690"]
[WhiteRD "na"]
[BlackRD "na"]
[TimeControl "120+0"]
[Date "1999.10.21"]
[Time "19:34:00"]
[WhiteClock "0:02:00.000"]
[BlackClock "0:02:00.000"]
[ECO "A43"]
[PlyCount "98"]
[Result "0-1"]

1. d4 c5 2. c4 cxd4 3. Qxd4 Nc6 4. Qd1 Nf6 5. Nf3 g6 6. Bg5 Bg7 7. e3 O-O 8. Nc3 d6 9. a3 Qa5 10. b4 Nxb4 11. axb4 Qxb4 12. Rc1 Ne4 13. Bd3 Nxc3 14. Qd2 Nd5 15. Qxb4 Nxb4 16. Be2 Re8 17. O-O e5 18. e4 f5 19. exf5 gxf5 20. Bd2 Nc6 21. c5 d5 22. Rb1 e4 23. Ne1 d4 24. Bf4 d3 25. Bh5 Re7 26. Bg5 Rd7 27. g3 Nd4 28. Kh1 Rc7 29. Bf4 Rxc5 30. Ng2 Be6 31. Ne3 b6 32. Bd6 Rc6 33. Bf4 Ba2 34. Ra1 Bb3 35. Ra3 Bc2 36. Rc1 Rac8 37. Nxc2 Nxc2 38. Bd1 Nd4 39. Rxc6 Rxc6 40. Bh5 Rc1+ 41. Bxc1 Bf8 42. Be3 Bxa3 43. Bxd4 d2 44. Bd1 b5 45. f3 a5 46. fxe4 fxe4 47. Bc2 b4 48. Be3 Bc1 49. Bxd2 Bxd2 {White forfeits on time} 0-1

[Event "FICS rated blitz game"]
[Site "FICS freechess.org"]
[FICSGamesDBGameNo "20002909"]
[White "moose"]
[Black "JMC"]
[WhiteElo "1254"]
[BlackElo "1214"]
[WhiteRD "na"]
[BlackRD "na"]
[TimeControl "600+2"]
[Date "1999.10.21"]
[Time "19:26:00"]
[WhiteClock "0:10:00.000"]
[BlackClock "0:10:00.000"]
[ECO "B12"]
[PlyCount "58"]
[Result "0-1"]

1. e4 c6 2. Nf3 d5 3. e5 Bf5 4. d4 e6 5. h3 a6 6. Bd3 Bxd3 7. Qxd3 c5 8. c3 Nc6 9. O-O cxd4 10. cxd4 Qb6 11. b3 Nb4 12. Qd2 Rc8 13. Nc3 Nh6 14. Na4 Qa7 15. Qe2 Nc2 16. Bxh6 Nxa1 17. Bd2 Nxb3 18. axb3 Be7 19. Rc1 Rxc1+ 20. Bxc1 O-O 21. Bg5 Bxg5 22. Nxg5 h6 23. Nf3 Rc8 24. Nc5 b6 25. Nxa6 Rc1+ 26. Kh2 Ra1 27. Nb4 Rc1 28. Qd2 Qc7 29. Na2 Rc2 {White resigns} 0-1

[Event "FICS rated lightning game"]
[Site "FICS freechess.org"]
[FICSGamesDBGameNo "20002908"]
[White "Ollin"]
[Black "Parini"]
[WhiteElo "1387"]
[BlackElo "1386"]
[WhiteRD "na"]
[BlackRD "na"]
[TimeControl "120+0"]
[Date "1999.10.21"]
[Time "19:25:00"]
[WhiteClock "0:02:00.000"]
[BlackClock "0:02:00.000"]
[ECO "B01"]
[PlyCount "65"]
[Result "1-0"]

1. e4 d5 2. exd5 Qxd5 3. Nc3 Qd8 4. Nf3 Nf6 5. Bc4 b6 6. d3 e6 7. Bg5 Bb4 8. O-O Bxc3 9. bxc3 Bb7 10. d4 O-O 11. Re1 h6 12. Bh4 Nbd7 13. Qd3 Qe8 14. Re3 Nd5 15. Bxd5 Bxd5 16. Ne5 Nxe5 17. dxe5 c5 18. Rg3 a6 19. Bf6 g5 20. Qe3 Kh7 21. Rh3 Rg8 22. Re1 Qc6 23. Qd3+ Rg6 24. f3 Qb7 25. Rg3 Rg8 26. c4 Bc6 27. Rf1 b5 28. f4 bxc4 29. Qd2 h5 30. fxg5 Qb2 31. Rh3 Qxa2 32. Rxh5+ Rh6 33. Rxh6# {Black checkmated} 1-0

[Event "FICS rated blitz game"]
[Site "FICS freechess.org"]
[FICSGamesDBGameNo "20002907"]
[White "bonesaw"]
[Black "saraajogadora"]
[WhiteElo "1476"]
[BlackElo "1304"]
[WhiteRD "na"]
[BlackRD "na"]
[TimeControl "360+0"]
[Date "1999.10.21"]
[Time "19:23:00"]
[WhiteClock "0:06:00.000"]
[BlackClock "0:06:00.000"]
[ECO "A40"]
[PlyCount "61"]
[Result "0-1"]

1. d4 e6 2. c4 c5 3. e3 cxd4 4. exd4 d5 5. Nc3 dxc4 6. Bxc4 Nc6 7. Nf3 Bb4 8. O-O Na5 9. Bd3 Bd7 10. Bg5 Be7 11. Bxe7 Nxe7 12. Rc1 Rc8 13. Qd2 Nc4 14. Bxc4 Rxc4 15. Ne5 Rc7 16. Rfe1 Bc6 17. Qf4 O-O 18. Red1 Nd5 19. Qg4 Nf6 20. Qf4 Nd5 21. Qg3 f6 22. Ng4 Ne7 23. h4 Nf5 24. Qh3 Nxd4 25. Ne2 Nxe2+ 26. Kf1 Bd7 27. Kxe2 e5 28. Qg3 Qc8 29. h5 Bxg4+ 30. Qxg4 Qxg4+ 31. f3 {White resigns} 0-1

[Event "FICS rated lightning game"]
[Site "FICS freechess.org"]
[FICSGamesDBGameNo "20002906"]
[White "Buyer"]
[Black "telephone"]
[WhiteElo "1266"]
[BlackElo "1275"]
[WhiteRD "na"]
[BlackRD "na"]
[TimeControl "120+0"]
[Date "1999.10.21"]
[Time "19:23:00"]
[WhiteClock "0:02:00.000"]
[BlackClock "0:02:00.000"]
[ECO "C00"]
[PlyCount "84"]
[Result "1-0"]

1. e4 e6 2. d4 c6 3. f4 d5 4. e5 Nd7 5. Nf3 Nb6 6. c3 Bd7 7. Bd3 Be7 8. O-O Nh6 9. f5 Nxf5 10. Bxf5 exf5 11. Bf4 Be6 12. Qd3 Nc4 13. Ng5 Bxg5 14. Bxg5 Qxg5 15. b3 Qe3+ 16. Qxe3 Nxe3 17. Re1 Nc2 18. Re2 Nxa1 19. Na3 O-O-O 20. Kf2 g5 21. Ke1 h5 22. Rf2 g4 23. Nb1 h4 24. Nd2 Nc2+ 25. Kd1 Ne3+ 26. Ke2 g3 27. hxg3 hxg3 28. Rf3 Nxg2 29. Rxg3 Nf4+ 30. Kd1 Rdg8 31. Rf3 Rh1+ 32. Kc2 Ne2 33. Kb2 Rgg1 34. Rf2 Nxd4 35. cxd4 Rd1 36. Re2 Rxd2+ 37. Rxd2 Rf1 38. Rc2 f4 39. Rd2 f3 40. Rc2 f2 41. Rxf2 Rxf2+ 42. Kb1 Bf5+ {Black forfeits on time} 1-0

[Event "FICS rated blitz game"]
[Site "FICS freechess.org"]
[FICSGamesDBGameNo "20002904"]
[White "SBGiffy"]
[Black "Lomboc"]
[WhiteElo "1899"]
[BlackElo "1828"]
[WhiteRD "na"]
[BlackRD "na"]
[TimeControl "180+0"]
[Date "1999.10.21"]
[Time "19:22:00"]
[WhiteClock "0:03:00.000"]
[BlackClock "0:03:00.000"]
[ECO "B00"]
[PlyCount "89"]
[Result "1-0"]

1. e4 b6 2. d4 Bb7 3. Bd3 Nf6 4. Qe2 d6 5. c3 e5 6. Nf3 Nc6 7. Nbd2 Qe7 8. O-O O-O-O 9. a4 exd4 10. cxd4 d5 11. e5 Nd7 12. Re1 Nb4 13. Bf5 g6 14. Bb1 a5 15. b3 Bg7 16. Ba3 Kb8 17. Rc1 Rhe8 18. Ne1 f6 19. f4 fxe5 20. fxe5 Qh4 21. Bxb4 Qxd4+ 22. Kh1 Qxb4 23. Nef3 Nxe5 24. Nxe5 Rxe5 25. Qd1 Rde8 26. Nf3 Re2 27. Bd3 Rd2 28. Nxd2 Bxa1 29. Rxa1 d4 30. Nc4 Qc3 31. Rc1 Qb4 32. Kg1 Qe7 33. Qg4 c6 34. Qg3+ Ka7 35. Nd6 Rd8 36. Nxb7 Kxb7 37. Qf3 Rf8 38. Qxc6+ Kb8 39. Qe4 Rd8 40. h3 Qd6 41. Ba6 Rf8 42. Rd1 Rd8 43. Bc4 Qd7 44. Rxd4 Qb7 45. Qxb7+ {Black forfeits on time} 1-0

[Event "FICS rated blitz game"]
[Site "FICS freechess.org"]
[FICSGamesDBGameNo "20002903"]
[White "artu"]
[Black "fastLrnr"]
[WhiteElo "1414"]
[BlackElo "1205"]
[WhiteRD "na"]
[BlackRD "na"]
[TimeControl "180+12"]
[Date "1999.10.21"]
[Time "19:20:00"]
[WhiteClock "0:03:00.000"]
[BlackClock "0:03:00.000"]
[ECO "B88"]
[PlyCount "136"]
[Result "1-0"]

1. e4 c5 2. Nf3 d6 3. d4 cxd4 4. Nxd4 Nc6 5. Nc3 e6 6. Bc4 Nf6 7. Bg5 Be7 8. Nxc6 bxc6 9. e5 dxe5 10. Qxd8+ Bxd8 11. O-O-O O-O 12. h4 Nd5 13. Bxd8 Rxd8 14. Nxd5 exd5 15. Bb3 Bf5 16. f3 Rab8 17. g4 Be6 18. Rhe1 e4 19. fxe4 dxe4 20. Rxe4 Bxb3 21. axb3 g6 22. Re7 Rxd1+ 23. Kxd1 Rb4 24. Rxa7 Rxg4 25. Rc7 Rxh4 26. Rxc6 Rd4+ 27. Ke2 h5 28. c4 Rg4 29. Rb6 Rg2+ 30. Kf3 Rxb2 31. c5 Rc2 32. c6 h4 33. Kg4 g5 34. Kxg5 h3 35. Rb4 h2 36. Rh4 Kf8 37. Kf6 Ke8 38. c7 Rxc7 39. Rxh2 Rb7 40. Rb2 Rb6+ 41. Kf5 Ke7 42. Re2+ Kf8 43. Re3 f6 44. Kg6 Rd6 45. Rf3 Ke7 46. b4 Ke6 47. Rf5 Ke7 48. Rf4 Rb6 49. Re4+ Kf8 50. Rh4 Ke7 51. Rc4 Kf8 52. Re4 Rd6 53. Rf4 Ke7 54. Kf5 Kf7 55. Rf1 Rd5+ 56. Ke4 Rb5 57. Rb1 Kg6 58. Kd3 f5 59. Kc4 Rb8 60. b5 f4 61. b6 f3 62. Kc5 f2 63. Rf1 Rf8 64. b7 Kg5 65. Rxf2 Rxf2 66. b8=Q Rc2+ 67. Kd4 Rd2+ 68. Ke3 Rb2 {Black resigns} 1-0

[Event "FICS rated blitz game"]
[Site "FICS freechess.org"]
[FICSGamesDBGameNo "20002902"]
[White "chesshack"]
[Black "Octavio"]
[WhiteElo "1570"]
[BlackElo "1136"]
[WhiteRD "na"]
[BlackRD "na"]
[TimeControl "120+12"]
[Date "1999.10.21"]
[Time "19:19:00"]
[WhiteClock "0:02:00.000"]
[BlackClock "0:02:00.000"]
[ECO "D08"]
[PlyCount "99"]
[Result "1-0"]

1. d4 d5 2. c4 e5 3. Nc3 dxc4 4. d5 Bb4 5. Qa4+ Bd7 6. Qxb4 Nf6 7. Qxc4 O-O 8. e4 a6 9. a4 Ng4 10. Nf3 Kh8 11. h3 Nf6 12. Nxe5 Qe7 13. f4 Nh5 14. Nf3 Ng3 15. Rg1 Re8 16. Bd3 f6 17. Kf2 Nxe4+ 18. Nxe4 Bf5 19. Re1 Qf7 20. Nd4 Bxe4 21. Rxe4 Rxe4 22. Bxe4 c6 23. Nf5 Nd7 24. b4 Nb6 25. Qc5 Nd7 26. Qd4 Re8 27. Nd6 Qh5 28. Bf3 Qg6 29. Nxb7 Qc2+ 30. Kg3 Qg6+ 31. Kh2 cxd5 32. Qxd5 Nf8 33. Nd6 Re7 34. Bh5 Qh6 35. Nf7+ Rxf7 36. Qxf7 g6 37. Qxf6+ Kg8 38. Bg4 Qg7 39. Be6+ Nxe6 40. Qxe6+ Kf8 41. Ra2 Qf7 42. Qc8+ Ke7 43. Re2+ Kd6 44. Qxa6+ Kd5 45. Qb5+ Kd6 46. Rd2+ Ke6 47. Qd5+ Ke7 48. Qd8+ Ke6 49. Qd6+ Kf5 50. Qe5# {Black checkmated} 1-0

[Event "FICS rated blitz game"]
[Site "FICS freechess.org"]
[FICSGamesDBGameNo "20002901"]
[White "blt"]
[Black "Juffi"]
[WhiteElo "1519"]
[BlackElo "1797"]
[WhiteRD "na"]
[BlackRD "na"]
[TimeControl "240+0"]
[Date "1999.10.21"]
[Time "19:18:00"]
[WhiteClock "0:04:00.000"]
[BlackClock "0:04:00.000"]
[ECO "D94"]
[PlyCount "152"]
[Result "0-1"]

1. d4 Nf6 2. c4 g6 3. Nc3 d5 4. Nf3 Bg7 5. e3 O-O 6. h3 Bf5 7. a3 c6 8. Bd3 Qd7 9. Qc2 dxc4 10. Bxf5 Qxf5 11. Qxf5 gxf5 12. Ne5 b5 13. a4 b4 14. Na2 c5 15. Nxc4 a5 16. Nb6 Ra6 17. Nc4 cxd4 18. exd4 Nc6 19. Be3 Nd5 20. Rd1 Rc8 21. O-O Nxe3 22. fxe3 e6 23. Nd6 Rd8 24. Nb7 Rb8 25. Nc5 Ra7 26. Nc1 Rd8 27. b3 Nb8 28. N1d3 Nd7 29. Rd2 Rc7 30. Rfd1 Nxc5 31. Nxc5 Bf8 32. Na6 Rc3 33. Rd3 Rdc8 34. Kf2 Bd6 35. Kf3 R3c6 36. Nc5 Bxc5 37. dxc5 Rxc5 38. Rd8+ Rxd8 39. Rxd8+ Kg7 40. Ra8 Kf6 41. g4 fxg4+ 42. hxg4 Ke5 43. Ra6 f5 44. g5 Rc3 45. Rxa5+ Kd6 46. Ra6+ Ke7 47. Ra7+ Kf8 48. Rxh7 Rxb3 49. a5 Ra3 50. Ra7 b3 51. Rb7 Rxa5 52. Rxb3 Kf7 53. Rb4 Ra6 54. Kf4 Kg6 55. Rc4 Ra1 56. Ke5 Kxg5 57. Kxe6 Re1 58. Rc5 Rxe3+ 59. Kf7 Kg4 60. Kg6 f4 61. Rc4 Re6+ 62. Kf7 Ra6 63. Kg7 Kg3 64. Kh7 f3 65. Rc8 Ra4 66. Rg8+ Rg4 67. Rf8 f2 68. Kh6 Rf4 69. Rg8+ Kf3 70. Ra8 f1=Q 71. Ra3+ Kg4 72. Ra5 Qh3+ 73. Kg6 Qd3+ 74. Kh6 Qd6+ 75. Kg7 Qe7+ 76. Kh6 Rf6# {White checkmated} 0-1

[Event "FICS rated lightning game"]
[Site "FICS freechess.org"]
[FICSGamesDBGameNo "20002899"]
[White "Tulio"]
[Black "theprof"]
[WhiteElo "1282"]
[BlackElo "1540"]
[WhiteRD "na"]
[BlackRD "na"]
[TimeControl "120+0"]
[Date "1999.10.21"]
[Time "19:01:00"]
[WhiteClock "0:02:00.000"]
[BlackClock "0:02:00.000"]
[ECO "A43"]
[PlyCount "114"]
[Result "0-1"]

1. d4 c5 2. c4 cxd4 3. Qxd4 Nc6 4. Qd1 e6 5. e4 d6 6. Nf3 Qc7 7. Nc3 a6 8. a3 Nf6 9. Bg5 Be7 10. Bd3 O-O 11. O-O Nd7 12. Bxe7 Nxe7 13. Qc2 Ng6 14. Rfe1 Nde5 15. Nxe5 Nxe5 16. f4 Nxd3 17. Qxd3 b6 18. Rf1 Bb7 19. e5 Qc6 20. Rf2 dxe5 21. fxe5 Rad8 22. Qg3 Qxc4 23. Raf1 Rd3 24. Qf4 Qxf4 25. Rxf4 Rd2 26. b4 Rxg2+ 27. Kh1 Rc2+ 28. Kg1 Rxc3 29. R4f3 Rxf3 30. Rxf3 Bxf3 31. Kf2 Bd5 32. Ke3 Rc8 33. Kd4 Rc4+ 34. Kd3 Re4 35. Kc3 Rxe5 36. Kd4 Re4+ 37. Kc3 Re3+ 38. Kb2 Re2+ 39. Kc3 Rxh2 40. Kd4 Rh3 41. a4 Rb3 42. a5 b5 43. Kc5 Bc4 44. Kb6 Rd3 45. Kxa6 Rd6+ 46. Kb7 h5 47. a6 Rxa6 48. Kxa6 h4 49. Ka5 h3 50. Kb6 g5 51. Ka7 h2 52. Kb7 h1=Q+ 53. Kb6 Qb1 54. Kb7 Qxb4 55. Kc7 Qa4 56. Kb6 b4 57. Kc7 b3 {White forfeits on time} 0-1